 Dungeon Crawl Stone Soup version 0.26.1-11-gd32895ea62 (webtiles) character file.

Game seed: 16424044828390511629

49 DildoBatman the Conjurer (level 4, -5/30 HPs)
             Began as a Formicid Conjurer on May 26, 2021.
             Slain by a goblin
             ... wielding a +0 dagger
             ... led by Robin
              (6 damage)
             ... on level 4 of the Dungeon.
             The game lasted 00:02:09 (741 turns).

DildoBatman the Conjurer (Formicid Conjurer)         Turns: 741, Time: 00:02:10

Health: -5/30      AC:  2    Str: 12    XL:     4   Next: 1%
Magic:  2/7        EV: 12    Int: 18    God:
Gold:   21         SH:  0    Dex:  9    Spells: 4/7 levels left

rFire    . . .     SeeInvis +   h - staff of conjuration
rCold    . . .     Faith    .   (no shield)
rNeg     . . .     Spirit   .   a - +0 robe
rPois    .         Reflect  .   (helmet unavailable)
rElec    .         Harm     .   (no cloak)
rCorr    .         Rampage  .   (no gloves)
Will     .....                  (no boots)
Stlth    ++........             (no amulet)
HPRegen  0.10/turn              (no ring)
MPRegen  0.10/turn              (no ring)

@: no status effects
A: permanent stasis, dig shafts and tunnels, four strong arms, antennae 3
a: Dig, Shaft Self


You were on level 4 of the Dungeon.
You visited 1 branch of the dungeon, and saw 3 of its levels.

You collected 21 gold pieces.

Inventory:

Missiles
 b - 70 stones
 c - 11 bolts
 d - 19 arrows
 f - 10 poisoned darts
 i - 8 silver javelins
 k - 25 sling bullets
Armour
 a - a +0 robe (worn)
Magical Staves
 h - an uncursed staff of conjuration (weapon)
Scrolls
 e - 2 scrolls of teleportation {unknown}
 g - a scroll of blinking {unknown}
 j - a scroll of remove curse {unknown}
 l - a scroll of enchant armour {unknown}
 m - a scroll of random uselessness {unknown}


   Skills:
 - Level 1.7 Dodging
 - Level 2.4 Stealth
 - Level 2.1 Spellcasting
 * Level 4.8 Conjurations


You had 4 spell levels left.
You knew the following spells:

 Your Spells              Type           Power        Failure   Level
a - Searing Ray           Conj           58%          3%          2
c - Magic Dart            Conj           100%         2%          1

Your spell library contained the following spells:

 Spells                   Type           Power        Failure   Level
 Dazzling Flash           Conj/Hex       32%          21%         3
 Fulminant Prism          Conj/Hex       8%           54%         4
 Iskenderun's Mystic Bla  Conj/Tloc      16%          54%         4


Dungeon Overview and Level Annotations

Branches:
Dungeon (2/15)

Altars:
Okawaru
Sif Muna
Wu Jian

Annotations:
D:4 Robin


Innate Abilities, Weirdness & Mutations

You cannot be hasted, slowed, berserked, paralysed or teleported.
You can dig through walls and to a lower floor.
Your four strong arms can wield two-handed weapons with a shield.
You have a pair of large antennae on your head. (SInv)


Message History

r - Retreat! s - Stop attacking. g - Guard the area. f - Follow me.
Anything else - Cancel.
You shout for attention!
The goblin hits you with a +0 club.
The goblin hits you with a +0 dagger. x2
The goblin hits you but does no damage. The goblin closely misses you.
The hobgoblin hits you. The goblin barely misses you.
What are your orders? t - Shout!
Orders for allies: a - Attack new target. r - Retreat! s - Stop attacking. g - Guard the area. f - Follow me.
Anything else - Cancel.
You shout for attention!
The goblin barely misses you. x2
The goblin hits you with a +0 dagger.
You die...

.....##
$......
.......##
........#
......gg#
...ggg##


#gggg# #g@g# ##gg# #...# ##..# ..# ..# ..# ### You could see Robin, 5 hobgoblins
and 7 goblins.

Vanquished Creatures
  3 adders (D:2)
  2 dart slugs (D:2)
  2 giant cockroaches
  4 goblins
  A quokka (D:2)
  2 bats (D:1)
  3 kobolds
  4 rats
21 creatures vanquished.

Notes
Turn   | Place    | Note
-------+----------+-------------------------------------------
     0 | D:1      | DildoBatman the Formicid Conjurer began the quest for the
                  | Orb.
     0 | D:1      | Reached XP level 1. HP: 13/13 MP: 3/3
   145 | D:1      | You fall into a shaft and drop 1 floor!
   148 | D:2      | Reached XP level 2. HP: 19/19 MP: 0/5
   151 | D:2      | Learned a level 2 spell: Searing Ray
   208 | D:2      | Reached skill level 4 in Conjurations
   312 | D:2      | Reached XP level 3. HP: 24/24 MP: 0/6
   440 | D:2      | Found an iron altar of Okawaru.
   440 | D:2      | Found an ornate altar of the Wu Jian Council.
   606 | D:2      | Found a shimmering blue altar of Sif Muna.
   728 | D:1      | Reached XP level 4. HP: 30/30 MP: 1/7
   731 | D:1      | You fall into a shaft and drop 1 floor!
   734 | D:2      | You fall into a shaft and drop 2 floors!
   734 | D:4      | Noticed Robin
   740 | D:4      | HP: 1/30 [hobgoblin[Robin] (5)]
   741 | D:4      | Slain by a goblin

Illustrated notes

Levels and vault maps discovered:
D:1:      lightli_arrival_noodles, layout_rooms
D:2:      layout_basic, lemuel_blue_sif_altar, marbit_many_paths,
          gammafunk_temple_overflow_statue, serial_bayou_pond_d,
          minmay_misc_feat_rows
D:4:      layout_layer_cave, nicolae_overflow_hidden_temple,
          minmay_strange_pillars, uniq_sigmund, uniq_pikel, uniq_blork_the_orc,
          uniq_natasha, uniq_robin

Skill      XL: |  1  2 |
---------------+-------+-----
Conjurations   | 4 |  4.8
Dodging        | |  1.7
Stealth        | |  2.4
Spellcasting   | |  2.1

Action                   |  1- 3 |  4- 6 || total
-------------------------+-------+-------++-------
Melee: Staff             |     2 |       ||     2
 Cast: Magic Dart        |    21 |       ||    21
       Searing Ray       |     7 |       ||     7
 Abil: Dig               |     1 |       ||     1
       Shaft Self        |       |     2 ||     2
Armor: Robe              |       |     6 ||     6
Dodge: Dodged            |     7 |    19 ||    26
